 Dungeon Crawl Stone Soup version 0.19.5 (webtiles) character file.

9412 Azzok the Fighter (level 11, -2/104 (110) HPs)
             Began as a Minotaur Fighter on July 10, 2017.
             Was a High Priest of Okawaru.
             Slain by a death drake (5 damage)
             ... on level 2 of the Abyss.
             The game lasted 00:22:20 (10621 turns).

Azzok the Fighter (Minotaur Fighter)               Turns: 10621, Time: 00:22:21

HP:   -2/104 (110)  AC: 15    Str: 22    XL:     11   Next: 22%
MP:   16/16         EV:  6    Int:  5    God:    Okawaru [*****.]
Gold: 716           SH:  9    Dex: 12    Spells: 2 memorised, 7 levels left

rFire  + . .     SeeInvis .     a - +11 hand axe "Sumesh" {chop, +Inv rF+ rN+}
rCold  . . .     Gourm    .     D - +0 chain mail
rNeg   + . .     Faith    .     c - +0 shield
rPois  +         Spirit   .     R - +0 hat
rElec  .         Reflect  .     U - +1 cloak
rCorr  .         Harm     .     (no gloves)
MR     .....                    J - +0 pair of boots
Stlth  ..........               H - amulet of regeneration
                                G - +2 ring of dexterity
                                d - ring of poison resistance

@: lethally poisoned (-2 -> -16), slowed, very slow
A: retaliatory headbutt, fangs 1, hooves 1, horns 2, clumsy 1, deterioration 1
a: Heroism, Finesse, Renounce Religion, Evoke Invisibility


You were on level 2 of the Abyss.
You worshipped Okawaru.
Okawaru was extremely pleased with you.
You were not hungry.

You visited 2 branches of the dungeon, and saw 12 of its levels.
You visited the Abyss 1 time.
You also visited: Sewer.

You collected 716 gold pieces.

Inventory:

Hand Weapons
 a - the +11 hand axe "Sumesh" (weapon) {chop, +Inv rF+ rN+}
   (You found it on level 6 of the Dungeon)

   It inflicts extra damage upon your enemies.
   It protects you from fire.
   It protects you from negative energy.
   It lets you turn invisible.
 b - a +2 scimitar of flaming
 M - a +0 shortbow
Missiles
 t - 133 arrows
Armour
 c - a +0 shield (worn)
 D - a +0 chain mail (worn)
 J - a +0 pair of boots (worn)
 R - a +0 hat (worn)
 U - a +1 cloak (worn)
Jewellery
 d - a ring of poison resistance (left hand)
 G - a +2 ring of dexterity (right hand)
 H - an amulet of regeneration (around neck)
Scrolls
 h - 6 scrolls of fear
 l - 5 scrolls of magic mapping
 p - 6 scrolls of remove curse
 r - 2 scrolls of fog
 w - 3 scrolls of teleportation
 x - a scroll of blinking
 y - a scroll of recharging
 E - 2 scrolls of amnesia
 I - 2 scrolls of identify
 K - 3 scrolls of enchant armour {unknown}
 S - a scroll of torment
Potions
 e - 6 potions of haste {unknown}
 i - 2 potions of agility {unknown}
 j - 9 potions of curing {unknown}
 k - 3 potions of mutation {unknown}
 o - 4 potions of ambrosia {unknown}
 q - a potion of resistance {unknown}
 s - a potion of lignification {unknown}
 u - 3 potions of magic {unknown}
 v - 3 potions of brilliance {unknown}
 A - 2 potions of cancellation {unknown}
 C - 3 potions of degeneration {unknown}
 L - 2 potions of invisibility {unknown}
 O - 2 potions of heal wounds {unknown}
Comestibles
 f - 10 bread rations {@e1}
 g - 3 beef jerkies
 m - 3 meat rations {@e2}
 n - a royal jelly
 B - 3 chunks of flesh {@w0}
 F - 2 slices of pizza


   Skills:
 - Level 14.0 Fighting
 - Level 2.4 Long Blades
 + Level 7.7 Bows
 - Level 9.0 Armour
 - Level 3.6 Shields
 + Level 8.4 Invocations


You had 7 spell levels left.
You knew the following spells:

 Your Spells              Type           Power        Failure   Level  Hunger
a - Magic Dart            Conj           #...         100%        1    ##.....
b - Repel Missiles        Chrm/Air       #.....       100%        2    ###....


Dungeon Overview and Level Annotations

Branches:
Dungeon (11/15)            Temple (1/1) D:5            Lair (0/6) D:8
    Orc: D:9-12

Altars:
Ashenzari
Cheibriados
Dithmenos
Elyvilon
Fedhas
Gozag
Hepliaklqana
Kikubaaqudgha
Makhleb
Nemelex Xobeh
Okawaru
Qazlal
Ru
Sif Muna
Trog
Uskayaw
Vehumet
Xom
Yredelemnul
Zin
The Shining One

Shops:
D:9 (

Annotations:
D:8 1 runed door
D:11 Josephine


Innate Abilities, Weirdness & Mutations

You reflexively headbutt those who attack you in melee.
You have a pair of horns on your head.
You have very sharp teeth.
You have large cloven feet.
You are clumsy. (Dex -2)
Your body sometimes deteriorates upon taking damage.


Message History

You hit the death drake.
The death drake is almost dead.
You feel very sick. The death drake breathes miasma at you.
The foul vapour engulfs you!
You are more poisoned.
You feel your flesh rotting away!
* * * LOW HITPOINT WARNING * * *
The death drake bites you but does no damage. x2
A neqoxec comes into view.
You take 11 damage, and have 28/105 hp.
The neqoxec shouts!
You hit the death drake. Your headbutt misses the death drake.
You bite the death drake.
The death drake is almost dead.
You are engulfed in dark miasma.
You feel your flesh rotting away!
* * * LOW HITPOINT WARNING * * *
x2 You feel very sick.
The death drake bites you.
You die...

▒· ▒······· ··· ·
·· ▒· ··· ····▒▒·
▒··· ······▒▒▒·▒ ·
▒▒ ▒·▒·▒ ·▒▒·· ▒ ▒
·▒▒··▒·▒▒·▒· ····▒
▒·▒···§···▒▒▒▒·· ▒
▒···§ ▒··3▒·▒·▒▒·▒
··▒···§▒▒§▒···
·▒·▒▒ ······§@k▒§ ·
·▒·▒
▒····§§§▒▒▒§▒·▒▒▒▒▒
··▒···§▒· ▒▒▒▒▒
····▒·▒ ▒· ·▒▒ ▒▒
·· ▒· ·▒ ▒


You could see a death drake and a neqoxec.

Vanquished Creatures
  The ghost of Azzok the Geomancer, a novice DDEE of Makhleb (D:9)
  Erica (D:9)
  A wizard (D:11)
  2 deep elf magi (D:11)
  An orb spider (Abyss:2)
  Maurice (D:9)
  A centaur zombie (D:11)
  A troll (D:10)
  A two-headed ogre (D:9)
  The ghost of Monsterracer the Conjurer, an amateur DECj (D:5)
  6 yaks (D:9)
  2 wraiths (D:10)
  2 wyverns
  3 wargs (D:8)
  Menkaure (D:5)
  A water moccasin (D:5)
  2 sky beasts
  An ice beast (D:5)
  3 phantoms
  An ogre (D:8)
  3 centaurs
  A big kobold (D:9)
  Blork the orc (D:6)
  7 bullfrogs
  2 wyvern zombies
  3 scorpions
  A howler monkey (D:4)
  6 crimson imps
  2 orc priests
  A jelly (D:9)
  Crazy Yiuf (D:7)
  3 hounds
  2 centaur skeletons
  3 iguanas
  8 orc wizards
  5 worker ants
  4 hound zombies
  A hound skeleton (D:9)
  2 worker ant zombies
  6 gnolls
  2 howler monkey skeletons
  18 adders
  8 river rats (Sewer)
  5 shadow imps
  An ooze (Sewer)
  3 adder zombies
  An adder skeleton (D:5)
  4 worms
  A dart slug (D:3)
  7 leopard geckos
  24 orcs
  3 bats
  7 giant cockroaches
  10 goblins
  14 hobgoblins
  6 jackals
  3 quokkas
  12 ball pythons
  9 frilled lizards
  12 kobolds
  21 rats
266 creatures vanquished.

Vanquished Creatures (others)
  A worker ant (D:5)
1 creature vanquished.

Grand Total: 267 creatures vanquished

Notes
Turn   | Place    | Note
-------+----------+-------------------------------------------
     0 | D:1      | Azzok the Minotaur Fighter began the quest for the Orb.
     0 | D:1      | Reached XP level 1. HP: 19/19 MP: 0/0
    89 | D:1      | Reached skill level 4 in Fighting
   250 | D:1      | Reached XP level 2. HP: 28/28 MP: 1/1
   299 | D:1      | You fall through a shaft!
   773 | D:2      | Reached skill level 5 in Fighting
   851 | D:2      | Reached XP level 3. HP: 30/36 MP: 2/2
   884 | D:2      | Found a sparkling altar of Nemelex Xobeh.
   884 | D:2      | Found a faded altar of an unknown god.
   889 | D:2      | Found a faded altar of an unknown god.
   891 | D:2      | Found a faded altar of an unknown god.
   893 | D:2      | Found a faded altar of an unknown god.
  1209 | D:2      | Found a faded altar of an unknown god.
  1556 | D:3      | Reached skill level 6 in Fighting
  1556 | D:3      | Reached XP level 4. HP: 28/44 MP: 3/3
  1736 | D:3      | Found a glowing drain.
  1782 | Sewer    | Entered a sewer
  1978 | Sewer    | Reached XP level 5. HP: 51/51 MP: 4/4
  2043 | Sewer    | Reached skill level 7 in Fighting
  2630 | Sewer    | Reached skill level 8 in Fighting
  2631 | Sewer    | Reached XP level 6. HP: 40/62 MP: 5/5
  2963 | D:3      | Reached skill level 9 in Fighting
  3260 | D:3      | Found a hazy altar of Hepliaklqana.
  3831 | D:4      | Reached XP level 7. HP: 70/70 MP: 6/6
  4005 | D:4      | Found a shimmering altar of Xom.
  4007 | D:4      | Found a blossoming altar of Fedhas.
  4007 | D:4      | Found an ancient bone altar of Kikubaaqudgha.
  4009 | D:4      | Found a stormy altar of Qazlal.
  4009 | D:4      | Found an ancient bone altar of Kikubaaqudgha.
  4009 | D:4      | Found a snail-covered altar of Cheibriados.
  4078 | D:5      | Entered Level 5 of the Dungeon
  4087 | D:5      | Found an opulent altar of Gozag.
  4284 | D:5      | Noticed Monsterracer's ghost (amateur DECj)
  4312 | D:4      | Reached skill level 10 in Fighting
  4434 | D:5      | Killed Monsterracer's ghost
  4434 | D:5      | Reached skill level 5 in Armour
  4500 | D:5      | Reached XP level 8. HP: 67/81 MP: 7/7
  4717 | D:5      | Reached skill level 11 in Fighting
  4838 | D:5      | Gained mutation: Your body sometimes deteriorates upon taking damage. [mutagenic meat]
  4839 | D:5      | Gained mutation: You are clumsy. (Dex -2) [mutagenic meat]
  4840 | D:5      | Gained mutation: You have large cloven feet. [mutagenic meat]
  4841 | D:5      | Gained mutation: You have very sharp teeth. [mutagenic meat]
  5035 | D:5      | Noticed Menkaure
  5046 | D:5      | Killed Menkaure
  5444 | D:5      | Found a staircase to the Ecumenical Temple.
  5453 | Temple   | Entered the Ecumenical Temple
  5655 | Temple   | Became a worshipper of Warmaster Okawaru
  6065 | D:6      | Got a brightly glowing hand axe
  6066 | D:6      | Identified the +11 hand axe "Sumesh" {chop, +Inv rF+ rN+} (You found it on level 6 of the Dungeon)
  6184 | D:6      | Noticed Blork the orc
  6191 | D:6      | Reached skill level 1 in Invocations
  6192 | D:6      | Killed Blork the orc
  6364 | D:6      | Reached skill level 12 in Fighting
  7120 | D:7      | Reached * piety under Okawaru
  7305 | D:7      | Reached XP level 9. HP: 70/90 MP: 9/9
  7647 | D:7      | Reached skill level 1 in Bows
  7777 | D:7      | Found a runed door.
  7781 | D:7      | Noticed Crazy Yiuf
  7784 | D:7      | Killed Crazy Yiuf
  8165 | D:8      | Found a runed door.
  8169 | D:8      | Noticed a sixfirhy
  8187 | D:8      | Found a staircase to the Lair.
  8195 | D:8      | Reached ** piety under Okawaru
  8200 | D:8      | Reached skill level 13 in Fighting
  8312 | D:8      | Found a white marble altar of Elyvilon.
  8682 | D:8      | Found a shadowy altar of Dithmenos.
  8875 | D:8      | Found a basalt altar of Yredelemnul.
  8876 | D:8      | Found a sacrificial altar of Ru.
  8879 | D:8      | Learned a level 1 spell: Magic Dart
  8882 | D:8      | Learned a level 2 spell: Repel Missiles
  8958 | D:9      | Noticed Azzok's ghost (novice DDEE)
  8974 | D:9      | Killed Azzok's ghost
  8974 | D:9      | Reached *** piety under Okawaru
  8974 | D:9      | Reached XP level 10. HP: 80/101 MP: 12/12
  9206 | D:9      | Reached skill level 5 in Invocations
  9212 | D:9      | Reached skill level 14 in Fighting
  9254 | D:9      | Reached **** piety under Okawaru
  9420 | D:9      | Noticed Maurice
  9450 | D:9      | Killed Maurice
  9490 | D:9      | Noticed Erica
  9506 | D:9      | Killed Erica
  9506 | D:9      | Reached ***** piety under Okawaru
  9506 | D:9      | Reached skill level 5 in Bows
  9739 | D:9      | Found Iwugyak's Antique Weapon Shop.
  9907 | D:10     | Entered Level 10 of the Dungeon
 10255 | D:11     | Noticed Josephine
 10255 | D:11     | Noticed a white ugly thing
 10311 | D:11     | Reached XP level 11. HP: 106/110 MP: 15/15
 10314 | D:11     | Noticed a wizard
 10317 | D:11     | Noticed a deep elf mage
 10321 | D:11     | Noticed a deep elf mage
 10323 | D:11     | Killed a wizard
 10323 | D:11     | Received a gift from Okawaru
 10326 | D:11     | Killed a deep elf mage
 10329 | D:11     | Killed a deep elf mage
 10331 | D:11     | Got a fine scale mail {god gift}
 10342 | D:11     | Identified the Catalogue of Axaxaxas mlö
 10350 | D:11     | Identified Ts'ui Pên's Volume of Forking Paths
 10399 | D:10     | Identified the +6 scale mail of Vih Zoujo {rF+ MR+ Int-5} (Okawaru gifted it to you on level 11 of the Dungeon)
 10399 | D:10     | Lost intelligence.
 10497 | D:11     | Noticed a wizard
 10503 | D:11     | Cast into level 2 of the Abyss (a wizard)
 10503 | Abyss:2  | Found a corrupted altar of Lugonu.
 10535 | Abyss:2  | Noticed an orb spider
 10556 | Abyss:2  | Killed an orb spider
 10606 | Abyss:2  | Noticed a death drake
 10621 | Abyss:2  | HP: 3/104 [poisoned by a death drake (foul vapour)]
 10621 | Abyss:2  | Slain by a death drake

Skill      XL: |  1  2  3  4  5  6  7  8  9 10 11 |
---------------+----------------------------------+-----
Fighting       | 4 5 6 8 9 10 12 13 14 | 14.0
Armour         | 4 5 7 8 9 |  9.0
Invocations    | 2 4 7 8 |  8.4
Bows           | 3 6 7 |  7.7
Long Blades    | |  2.4
Shields        | |  3.6

Action                   |  1- 3 |  4- 6 |  7- 9 | 10-12 || total
-------------------------+-------+-------+-------+-------++-------
Melee: Long sword        |    62 |   167 |   173 |       ||   402
       Headbutt          |     7 |    34 |    52 |    32 ||   125
       Hand axe          |       |       |   149 |   153 ||   302
       Kick              |       |       |    14 |       ||    14
       Bite              |       |       |    20 |    13 ||    33
  Use: Potion            |       |     1 |       |     1 ||     2
       Scroll            |       |       |       |    13 ||    13
  Eat: Chunk             |     2 |     8 |    17 |     6 ||    33
       Beef jerky        |       |       |     2 |       ||     2
Armor: Scale mail        |    22 |   108 |       |       ||   130
       Chain mail        |       |     9 |   154 |   108 ||   271
Dodge: Dodged            |    16 |    76 |    65 |    32 ||   189
Block: Shield            |    38 |   114 |   153 |    77 ||   382
       Rpst.: Long sword |     4 |    16 |     6 |       ||    26
